AoeStats
← 8Kram

Migration

506224770Analyzed
1v1 RM · 20d ago on Sep 12, 2026· 17m 0s· 2 players
Game mode
Random Map
Map size
132×132
Population
200
Speed
Normal
Resources
Standard
Victory
Conquest
Starting age
Dark Age
Ending age
Imperial Age
RankedLock teamsTeams togetherTeam positionsShared explorationLock speedFull tech treeHidden civsTurbo modeCheats
Victory
Defeat
🇧🇷 Italians · Brazil
1097
+18
🇧🇴 Armenians · Bolivia
1146
-18
8Kram
7:59 Loom
10:54 Feudal Age
12:31 Double-Bit Axe
14:01 Fletching
14:33 Fishing Lines
PNLN | TL
6:43 Loom
11:29 Feudal Age
12:42 Fishing Lines
13:24 Double-Bit Axe
15:55 Castle Age
15:03 Gold Mining
17:20 Medium Warships
Connection lost

Rejoining the realm…

Still unreachable

The connection could not be restored.

Session expired

The server has moved on; the page needs a fresh start.